 Seeded DCSS version 0.29-a0-393-g47a863cc1b (webtiles) character file.

Game seed: 14875320075521095149 (custom seed)

1289 zeratav the Geomancer (level 8, -2/46 HPs)
             Began as an Octopode Earth Elementalist on May 9, 2022.
             Slain by an orc wizard
             ... wielding a +1 dagger of protection
              (4 damage)
             ... on level 6 of the Dungeon.
             The game lasted 00:08:54 (6839 turns).

zeratav the Geomancer (Octopode Earth Elementalist) Turns: 6839, Time: 00:08:55

Health: -2/46      AC:  1    Str:  8    XL:     8   Next: 55%
Magic:  13/16      EV: 13    Int: 19    God:
Gold:   327        SH:  0    Dex: 12    Spells: 14/18 levels left

rFire   . . .      SeeInvis .   w - +4 whip (elec) {mace}
rCold   . . .      Faith    .   (no shield)
rNeg    . . .      Spirit   .   (helmet restricted)
rPois   .          Reflect  .   (no amulet)
rElec   .          Harm     .   (no ring)
rCorr   .          Rampage  .   (no ring)
Will    .....                   (no ring)
Stlth   +++.......              (no ring)
HPRegen 0.15/turn               (no ring)
MPRegen 0.15/turn               (no ring)
                                (no ring)
                                (no ring)

@: no status effects
A: almost no armour, amphibious, 8 rings, camouflage 1, gelatinous body 1,
(nimble swimmer 1), tentacles
a: no special abilities


You were on level 6 of the Dungeon.
You visited 1 branch of the dungeon, and saw 6 of its levels.

You collected 327 gold pieces.


Innate Abilities, Weirdness & Mutations

You cannot wear most types of armour.
You are amphibious.
You can wear up to eight rings at the same time.
Your skin changes colour to match your surroundings (Stealth+).
Your rubbery body absorbs attacks. (AC +1, EV +1)
((You are camouflaged when in or above water. (Stealth+)))
You have tentacles for arms and can constrict up to eight enemies at once.


   Skills:
 - Level 2.0 Dodging
 - Level 2.6 Stealth
 + Level 5.6 Spellcasting
 - Level 1.0 Transmutations
 * Level 8.9 Earth Magic


You had 14 spell levels left.
You knew the following spells:

 Your Spells              Type           Power      Damage    Failure   Level
a - Sandblast             Erth           78%        2d17      1%          1
b - Stone Arrow           Conj/Erth      44%        3d9       5%          3

Your spell library contained the following spells:

 Spells                   Type           Power      Damage    Failure   Level
 Passwall                 Tmut/Erth      20%        N/A       2%          2
 Foxfire                  Conj/Fire      20%        2x1d5     12%         1
 Shock                    Conj/Air       20%        1d4       12%         1
 Petrify                  Tmut/Erth      24%        N/A       16%         4
 Corpse Rot               Necr/Air       10%        N/A       19%         2
 Poisonous Vapours        Pois/Air       10%        N/A       19%         2
 Conjure Flame            Conj/Fire      5%         6-21      34%         3
 Inner Flame              Hex/Fire       5%         N/A       34%         3
 Swiftness                Air            5%         N/A       34%         3
 Airstrike                Air            2%         N/A       75%         4
 Flame Wave               Conj/Fire      5%         2d5       75%         4
 Statue Form              Tmut/Erth      16%        N/A       93%         6
 Alistair's Intoxication  Tmut/Pois      4%         N/A       95%         5
 Yara's Violent Unravell  Hex/Tmut       3%         3d4       95%         5

Inventory:

Hand Weapons
 f - a +4 dagger of venom {short}
   (You took it off a kobold on level 1 of the Dungeon)
 w - a +4 whip of electrocution (weapon) {mace}
   (You took it off an orc on level 5 of the Dungeon)
Missiles
 a - 54 stones {throwing}
Armour
 n - a +2 kite shield of protection
   (You found it on level 2 of the Dungeon)
Jewellery
 B - an amulet of faith {!P}
   (You found it on level 6 of the Dungeon)
Wands
 t - a wand of polymorph (8)
   (You found it on level 4 of the Dungeon)
 y - a wand of paralysis (10)
   (You found it on level 5 of the Dungeon)
Scrolls
 e - 2 scrolls of poison {unknown}
 g - 4 scrolls of identify {unknown}
 i - a scroll of enchant armour {unknown}
 m - 3 scrolls of teleportation {unknown}
 o - a scroll of immolation {unknown}
 p - 2 scrolls of fog {unknown}
 q - a scroll of vulnerability {unknown}
 s - 2 scrolls of fear {unknown}
 v - 3 scrolls of blinking {unknown}
 z - 2 scrolls of enchant weapon {unknown}
 A - a scroll of brand weapon {unknown}
Potions
 b - a potion of magic
 c - 4 potions of haste {unknown}
 d - 3 potions of mutation {unknown}
 h - a potion of invisibility {unknown}
 j - 3 potions of heal wounds {unknown}
 k - a potion of flight {unknown}
 l - 2 potions of attraction {unknown}
 r - 5 potions of curing {unknown}
 u - a potion of ambrosia {unknown}
 x - a potion of brilliance {unknown}

Dungeon Overview and Level Annotations

Branches:
Dungeon (6/15)             Temple (0/1) D:6

Altars:
Dithmenos
Makhleb
Okawaru
Uskayaw
Wu Jian

Shops:
D:4

( # #.# #.# #
############.#
#.# ##
.............#
#.# ####.
..############
#.####.... .##
#......... ##
#####
#####..... #
##.8.## #.....
# #.....#
##...# #
##8.@.8# #####
# #...){.# # #
#.#.8.#########
# # #.
###.#....{... #
# # #..)#
#.###### .
###.# #)......
#.######.#####.
#)##........##.
#)##.##........


There were no monsters in sight!


Message History

HP[-1]
You take 1 damage, and now have 29/46 hp.
You hit the hound. Your squeeze misses the hound. You constrict the hound.
The hound bites you.
HP[-1] MP[+1]
You take 1 damage, and now have 28/46 hp.
Your mp is fully restored (16).
You barely miss the hound. You constrict the hound.
The hound barely misses you. x2
HP[+1]
You hit the hound but do no damage. Lightning courses through the hound!
You kill the hound!
You start resting.
HP[+17]
Your hp is fully restored (46).
You start waiting.
Done waiting.
You start waiting.
Done waiting.
Items here: )))) [[[[.
Things that are here:
a +0 hand axe {axe}; a +0 robe
Found a staircase to the Ecumenical Temple.
An orc warrior, an orc wizard and an orc come into view.
The orc wizard is wielding a +1 dagger of protection.
The orc shouts!
Casting: Stone Arrow (dangerous; 6% risk of failure)
Confirm with . or Enter, or press ? or * to list all spells.
Aiming: Sandblast (safe; 1% risk of failure)
Press: ? - help, Shift-Dir - straight line, f - orc
Aim: an orc, wielding a +0 club and wearing a +0 leather armour (82% to hit)
The blast of sand misses the orc.
The orc warrior shouts!
The orc wizard shouts!
MP[-1]
You lost 1 mp, and now have 15/16 mp.
Casting: Sandblast (safe; 1% risk of failure)
Confirm with . or Enter, or press ? or * to list all spells.
Aiming: Sandblast (safe; 1% risk of failure)
Press: ? - help, Shift-Dir - straight line, f/p - orc
Aim: an orc, wielding a +0 club and wearing a +0 leather armour (82% to hit)
The blast of sand hits the orc.
MP[-1]
You lost 1 mp, and now have 14/16 mp.
You hit the orc. You grab the orc. You squeeze the orc.
You kill the orc!
The orc wizard mumbles some strange words.
The orc wizard flickers and vanishes!
Deactivating autopickup; reactivate with Ctrl-A.
There is a staircase to the Ecumenical Temple here.
MP[+1]
Casting: Sandblast (safe; 1% risk of failure)
Confirm with . or Enter, or press ? or * to list all spells.
Aiming: Stone Arrow (dangerous; 6% risk of failure)
Press: ? - help, Shift-Dir - straight line, f - orc warrior
Aim: an orc warrior, wielding a +0 hand axe and wearing a +0 plate armour (71% to hit)
The stone arrow hits the orc warrior!
MP[-3]
You lost 3 mp, and now have 12/16 mp.
You barely miss the orc warrior. You grab the orc warrior.
You constrict the orc warrior, but do no damage.
The orc warrior hits you with a +0 hand axe!
HP[-15]
You take 15 damage, and now have 31/46 hp.
MASSIVE DAMAGE!! (PAUSE)
You hit the orc warrior.
You squeeze the orc warrior, but do no damage.
You constrict the orc warrior, but do no damage.
The orc warrior hits you with a +0 hand axe!
* * * LOW HITPOINT WARNING * * *
HP[-13]
You take 13 damage, and now have 18/46 hp.
MASSIVE DAMAGE!! (PAUSE)
You barely miss the orc warrior. You squeeze the orc warrior.
You constrict the orc warrior, but do no damage.
The orc warrior completely misses you.
You hit the orc warrior.
Lightning courses through the orc warrior!!
You kill the orc warrior!
Something hits you.
* * * LOW HITPOINT WARNING * * *
HP[-4]
You take 4 damage, and now have 14/46 hp.
You start resting.
Something hits you.
* * * LOW HITPOINT WARNING * * *
HP[-3] MP[+1]
You take 3 damage, and now have 11/46 hp.
You barely miss something.
You hear some strange, mumbled words.
A puff of flame appears from out of thin air!
The puff of flame hits you!
* * * LOW HITPOINT WARNING * * *
HP[-9]
You take 9 damage, and now have 2/46 hp.
You closely miss something. Your squeeze misses something.
Something barely misses you.
Casting: Stone Arrow (dangerous; 5% risk of failure)
Confirm with . or Enter, or press ? or * to list all spells.
You can't see any susceptible monsters within range! (Use Z to cast anyway.)
You hit something. Something hits you.
You die...

Skill      XL: |  1  2  3  4  5  6  7  8 |
---------------+-------------------------+-----
Earth Magic    | 4 5 6 7 8 |  8.9
Spellcasting   | 3 4 5 |  5.6
Dodging        | |  2.0
Stealth        | |  2.6
Transmutations | |  1.0

Action                   |  1- 3 |  4- 6 |  7- 9 || total
-------------------------+-------+-------+-------++-------
Melee: Unarmed           |    10 |       |       ||    10
       Dagger            |    42 |    62 |       ||   104
       Tentacles         |     7 |    12 |     8 ||    27
       Constrict         |     9 |    16 |     9 ||    34
       Whip              |       |    14 |    44 ||    58
       Punch             |       |       |     3 ||     3
 Cast: Sandblast         |     1 |    23 |    15 ||    39
       Stone Arrow       |       |       |    16 ||    16
 Stab: Sleeping          |     5 |    14 |       ||    19
Armor: Skin              |     1 |     6 |     1 ||     8
Dodge: Dodged            |    26 |    50 |    31 ||   107

Levels and vault maps discovered:
D:1:      mushboom_english_gardens, layout_rooms, shapermc_ecumenical_altar_gd
D:2:      layout_loops_cross, nicolae_elevator_lobby_plus, uniq_natasha
D:3:      layout_basic, mainiacjoe_overflow_concentric_impassable
D:4:      layout_loops_ring, serial_shops, nicolae_shop_stone
D:5:      layout_loops_cross, mainiacjoe_overflow_catch_the_wave,
          wad_woods_river_04
D:6:      layout_loops_corners, old_standard_altar,
          nicolae_wu_jian_immortal_techniques,
          minmay_temple_entry_statues_pillars, wad_floor_pattern_1

Notes
Turn   | Place    | Note
-------+----------+-------------------------------------------
     0 | D:1      | zeratav the Octopode Earth Elementalist began the quest for
                  | the Orb.
     0 | D:1      | Reached XP level 1. HP: 11/11 MP: 3/3
     0 | D:1      | magus.rc [v1.9.6]
   153 | D:1      | HP: 2/11 [poisoned by a kobold]
   568 | D:1      | Reached XP level 2. HP: 17/17 MP: 5/5
   816 | D:1      | You pick up a book of Vapours and begin reading...
   816 | D:1      | You add the spells Poisonous Vapours and Corpse Rot to your
                  | library.
   817 | D:1      | Found a faded altar of an unknown god.
   902 | D:1      | Reached XP level 3. HP: 20/21 MP: 6/6
  1277 | D:2      | Noticed Natasha
  1284 | D:2      | Killed Natasha
  1285 | D:2      | Reached skill level 4 in Earth Magic
  1285 | D:2      | Reached XP level 4. HP: 14/27 MP: 6/8
  1295 | D:2      | Noticed Natasha
  1300 | D:2      | Killed Natasha
  1455 | D:2      | Noticed Natasha
  1466 | D:2      | Killed Natasha
  1467 | D:2      | Reached skill level 3 in Spellcasting
  1560 | D:2      | Reached XP level 5. HP: 31/31 MP: 9/9
  1997 | D:2      | Reached skill level 5 in Earth Magic
  2329 | D:3      | Found a shadowy altar of Dithmenos.
  2935 | D:4      | Found Hinaabuo's Antique Weapon Shoppe.
  3112 | D:4      | You pick up a book of Air and begin reading...
  3112 | D:4      | You add the spells Shock, Swiftness and Airstrike to your
                  | library.
  3172 | D:4      | Reached XP level 6. HP: 35/36 MP: 11/11
  3259 | D:4      | You pick up a book of Flames and begin reading...
  3259 | D:4      | You add the spells Foxfire, Conjure Flame, Inner Flame and
                  | Flame Wave to your library.
  3654 | D:5      | Entered Level 5 of the Dungeon
  3749 | D:5      | You pick up a book of Air and begin reading...
  3866 | D:5      | Reached skill level 6 in Earth Magic
  3868 | D:5      | HP: 9/36 [ufetubus (3)]
  4181 | D:5      | HP: 9/36 [gnoll/+0 spear (8)]
  4595 | D:5      | You add the spells Yara's Violent Unravelling, Alistair's
                  | Intoxication and Statue Form to your library.
  4595 | D:5      | Got the Almanac of Unstable Clay
  4637 | D:5      | Reached skill level 4 in Spellcasting
  4676 | D:5      | Reached XP level 7. HP: 34/41 MP: 13/13
  4756 | D:5      | Found a burning altar of Makhleb.
  5012 | D:5      | Found an iron altar of Okawaru.
  5178 | D:5      | Learned a level 3 spell: Stone Arrow
  5196 | D:6      | Reached skill level 7 in Earth Magic
  5644 | D:6      | Found an ornate altar of the Wu Jian Council.
  5695 | D:6      | Found a hide-covered altar of Uskayaw.
  6126 | D:6      | HP: 8/41 [centaur (3)]
  6130 | D:6      | Reached skill level 5 in Spellcasting
  6130 | D:6      | Reached XP level 8. HP: 10/46 MP: 15/15
  6397 | D:6      | Reached skill level 8 in Earth Magic
  6818 | D:6      | Found a staircase to the Ecumenical Temple.
  6836 | D:6      | HP: 11/46 [something (3)]
  6837 | D:6      | HP: 2/46 [something/puff of flame (9)]
  6839 | D:6      | Slain by an orc wizard

Vanquished Creatures
  An orc warrior (D:6)
  A centaur (D:6)
  2 phantoms
  A necrophage (D:6)
  2 scorpions (D:5)
  5 wights (D:6)
  4 hounds
  A jelly (D:5)
  A gnoll shaman (D:6)
  2 iguanas
  Natasha (thrice) (D:2)
  7 gnolls
  6 adders
  A white imp (D:6)
  2 ufetubi
  2 worms (D:2)
  2 dart slugs
  7 orcs
  10 endoplasms
  5 giant cockroaches
  2 hobgoblins (D:2)
  10 jackals
  2 kobolds
  4 quokkas
  5 ball pythons
  4 bats
  2 frilled lizards (D:1)
  5 goblins
  4 rats
103 creatures vanquished.

Vanquished Creatures (others)
  9 demonic plants (D:1)
  5 fungi (D:1)
  5 withered plants (D:1)
19 creatures vanquished.

Grand Total: 122 creatures vanquished

Table legend:
 A = Non-vault XP
 B = Vault XP
 C = Vault XP percentage of total XP
 D = Non-vault monster count
 E = Vault monster count
 F = Vault count percentage of total count
                 A         B        C        D         E       F
            +---------+---------+-------+---------+---------+-------
      Total |    1806 |      36 |   2.0 |     102 |       1 |   1.0
            +---------+---------+-------+---------+---------+-------
        D:1 |      43 |       0 |   0.0 |      24 |       0 |   0.0
        D:2 |     110 |      36 |  24.7 |      17 |       1 |   5.6
        D:3 |      61 |       0 |   0.0 |      12 |       0 |   0.0
        D:4 |     119 |       0 |   0.0 |      12 |       0 |   0.0
        D:5 |     442 |       0 |   0.0 |      16 |       0 |   0.0
        D:6 |    1031 |       0 |   0.0 |      21 |       0 |   0.0
            +---------+---------+-------+---------+---------+-------

Illustrated notes

Table legend:
 A = Kills in this place as a percentage of kills in entire the game.
 B = Kills by you in this place as a percentage of kills by you in the entire game.
 C = Kills by friends in this place as a percentage of kills by friends in the entire game.
 D = Other kills in this place as a percentage of other kills in the entire game.
 E = Experience gained in this place as a percentage of experience gained in the entire game.
 F = Experience gained in this place divided by the number of levels of this place that you have seen.
                   A       B       C       D       E      F
               +-------+-------+-------+-------+-------+----------------------
         Total | 100.0 | 100.0 |   N/A |   N/A | 100.0 | 307.0
       Dungeon | 100.0 | 100.0 |   N/A |   N/A | 100.0 | 307.0
               +-------+-------+-------+-------+-------+----------------------

Table legend: (Time is in decaauts)
 A = Elapsed time spent in this place.
 B = Non-inter-level travel time spent in this place.
 C = Inter-level travel time spent in this place.
 D = Time resting spent in this place.
 E = Time spent auto-exploring this place.
 F = Levels seen in this place.
 G = Mean time per level.
                   A        B        C        D        E       F      G
               +--------+--------+--------+--------+--------+-----+--------+
         Total |   6848 |   6697 |    151 |   1809 |   4185 |   6 | 1141.3 |
       Dungeon |   6848 |   6697 |    151 |   1809 |   4185 |   6 | 1141.3 |
               +--------+--------+--------+--------+--------+-----+--------+

Top non-repeatable levels by time:
     D:6: 1650 daAuts
     D:5: 1539 daAuts
     D:1: 1134 daAuts
     D:2: 988 daAuts
     D:3: 816 daAuts
     D:4: 718 daAuts
